 Dungeon Sprint DCSS version 0.23.2-1-ga50397a (webtiles) character file.

Game seed: 11704859510597628599

4200000 FatLuigi the Intangible (level 20, -8/137 HPs)
             Began as a Spriggan Enchanter on Apr 15, 2019.
             Mangled by a bag of meat
             ... wielding a +9 war axe
              (17 damage)
             ... in the Dungeon (Sprint VIII: "Arena of Blood").
             The game lasted 00:03:45 (42 turns).

FatLuigi the Intangible (Spriggan Enchanter)          Turns: 42, Time: 00:03:46

Health: -8/137     AC:  4    Str: 10    XL:     20   Next: 58%
Magic:  12/52      EV: 40    Int: 17    God:
Gold:   0          SH:  0    Dex: 19    Spells: 70/73 levels left

rFire    . . .     SeeInvis +   c - +∞ Axe of Woe
rCold    . . .     Gourm    .   (shield currently unavailable)
rNeg     . . .     Faith    .   b - +0 robe
rPois    .         Spirit   .   (helmet restricted)
rElec    .         Reflect  .   (no cloak)
rCorr    .         Harm     .   (gloves unavailable)
MR       +++..     NoTele   +   (boots unavailable)
Stlth    +++++++++.             (no amulet)
HPRegen  0.32/turn              (no ring)
MPRegen  0.33/turn              (no ring)

@: very quick
A: very small, unfitting armour, see invisible, herbivore, speed 3, slow
metabolism 2
a: no special abilities


You were in the Dungeon.
You were not hungry.

You visited 1 branch

Inventory:

Hand Weapons
 a - a +1 dagger
 c - the +∞ Axe of Woe (weapon)
   (You found it in the Dungeon)
Armour
 b - a +0 robe (worn)
Scrolls
 j - a scroll of blinking
Potions
 e - a potion of curing
 f - a potion of heal wounds
 g - a potion of haste
 h - 2 potions of magic
 i - a potion of berserk rage
Comestibles
 d - a ration


   Skills:
 O Level 27 Fighting
 - Level 3.9 Short Blades
 O Level 27 Axes
 * Level 26.4 Armour
 O Level 27 Dodging
 - Level 26.0 Stealth
 O Level 27 Spellcasting
 - Level 23.8 Hexes
 - Level 17.7 Ice Magic


You had 70 spell levels left.
You knew the following spells:

 Your Spells              Type           Power        Failure   Level  Hunger
a - Corona                Hex            #######      0%          1    None
b - Ensorcelled Hibernat  Hex/Ice        ######       0%          2    None

Your spell library contained the following spells:

 Spells                   Type           Power        Failure   Level  Hunger
 Confuse                  Hex            #######.     0%          3    None
 Tukima's Dance           Hex            #######.     0%          3    None
 Dazzling Spray           Conj/Hex       ######       1%          3    None


Dungeon Overview and Level Annotations

Branches:
Dungeon (1/1)

Altars:
Makhleb


Innate Abilities, Weirdness & Mutations

You are very small and have problems with some larger weapons.
You are too small for most types of armour.
You have supernaturally acute eyesight. (SInv)
You are a herbivore.
You cover ground extremely quickly.
You need to consume almost no food.


Message History

The destroyer appears out of thin air!
A destroyer comes into view.
It is wielding a +9 great sword of slicing.
You hear a shout! x3
The bag of meat is engulfed in blazing flames.
A destroyer comes into view.
It is wielding a +9 great sword of slicing.
You hear a shout! x3
The bag of meat moves out of view.
The large bag of meat is engulfed in blazing flames. x2
You hear a shout!
The bag of meat is engulfed in blazing flames.
You hear a shout!
You hear a shout!
The meat berserker rages.
You hear a shout! x2
A bag of meat comes into view. It is wielding a +9 war axe.
The destroyer shouts!
The bag of meat shouts!
You hear a shout! x3
An eight-headed meat hydra comes into view.
A sculptor of flesh comes into view. It is wielding a +9 great sword.
The bag of meat hits you with a +9 war axe!
You die...

.............o..V...
...........o....O...
#..o... #..ooO..#
...#... #....ooo# ..
#......###§oO..O%###...
...O.....O)o###........
....#....O.§._O.V..z...
..#.......#O.Oo.#....z.
........O.#_.<@_#...O..
..#...).))#%....#.....V
....#...)...._%.......o
......)D...V###........
......)###.z.....###...
....... #o......# .
....... #.......#
#...... .........
.#.#... ..........


You could see an eight-headed meat hydra (wandering), 2 destroyers, a sculptor
of flesh, 3 large bags of meat, 4 meat berserkers and 6 bags of meat.

Vanquished Creatures
  A vampire knight (D)
  6 ogres (D)
  A two-headed ogre (D)
  A hydra (D)
  10 orcs (D)
19 creatures vanquished.

Notes
Turn   | Place    | Note
-------+----------+-------------------------------------------
     0 | D        | Found the +∞ Axe of Woe
     0 | D        | FatLuigi the Spriggan Enchanter began the quest for the
                  | Orb.
     0 | D        | Reached XP level 1. HP: 9/9 MP: 5/5
     4 | D        | Noticed a bag of meat
     4 | D        | Noticed a bag of meat
     7 | D        | Noticed a bag of meat
     8 | D        | Killed a bag of meat
     8 | D        | Reached XP level 2. HP: 13/13 MP: 5/18
     8 | D        | Reached XP level 3. HP: 16/16 MP: 5/19
     8 | D        | Reached XP level 4. HP: 21/21 MP: 5/21
     8 | D        | Reached XP level 5. HP: 24/24 MP: 5/22
     8 | D        | Reached XP level 6. HP: 28/28 MP: 5/24
     8 | D        | Reached XP level 7. HP: 32/32 MP: 5/25
     8 | D        | Reached XP level 8. HP: 36/36 MP: 5/27
     8 | D        | Reached XP level 9. HP: 39/39 MP: 5/28
     8 | D        | Reached XP level 10. HP: 44/44 MP: 5/29
     8 | D        | Reached XP level 11. HP: 47/47 MP: 5/30
     9 | D        | Killed a bag of meat
     9 | D        | Reached skill level 15 in Dodging
     9 | D        | Reached XP level 12. HP: 22/51 MP: 5/33
     9 | D        | Noticed a meat berserker
    11 | D        | Noticed a meat berserker
    11 | D        | Noticed a bag of meat
    12 | D        | Noticed a bag of meat
    13 | D        | Learned a level 2 spell: Ensorcelled Hibernation
    13 | D        | Killed a bag of meat
    13 | D        | Reached XP level 13. HP: 25/55 MP: 6/34
    13 | D        | Noticed a bag of meat
    14 | D        | Killed a meat berserker
    14 | D        | Reached XP level 14. HP: 27/59 MP: 6/35
    15 | D        | Killed a meat berserker
    15 | D        | Reached XP level 15. HP: 29/63 MP: 7/36
    15 | D        | Noticed a meat berserker
    15 | D        | Noticed a meat berserker
    18 | D        | Reached skill level 27 in Dodging
    18 | D        | Reached XP level 16. HP: 31/67 MP: 7/37
    19 | D        | Noticed a destroyer
    20 | D        | Noticed a large bag of meat
    21 | D        | Noticed a meat berserker
    22 | D        | Killed a meat berserker
    22 | D        | Reached skill level 27 in Axes
    22 | D        | Reached XP level 17. HP: 49/102 MP: 8/38
    22 | D        | Killed a meat berserker
    22 | D        | Noticed a meat berserker
    25 | D        | Killed a destroyer
    25 | D        | Reached skill level 27 in Fighting
    25 | D        | Reached XP level 18. HP: 61/127 MP: 8/39
    25 | D        | Noticed a large bag of meat
    26 | D        | Noticed a large bag of meat
    27 | D        | Noticed a meat berserker
    27 | D        | Noticed a meat berserker
    28 | D        | Noticed an eight-headed meat hydra
    29 | D        | Noticed a large bag of meat
    30 | D        | Noticed a meat berserker
    31 | D        | Killed a meat berserker
    31 | D        | Reached XP level 19. HP: 65/132 MP: 9/44
    32 | D        | Killed a meat berserker
    32 | D        | Noticed a large bag of meat
    33 | D        | Killed a nine-headed meat hydra
    33 | D        | Reached skill level 27 in Spellcasting
    33 | D        | Reached XP level 20. HP: 68/137 MP: 10/52
    34 | D        | Killed a large bag of meat
    34 | D        | Noticed a meat berserker
    36 | D        | Noticed a destroyer
    37 | D        | Noticed a meat berserker
    37 | D        | Noticed a destroyer
    38 | D        | Noticed a destroyer
    39 | D        | Noticed a meat berserker
    39 | D        | Noticed a destroyer
    40 | D        | Noticed a destroyer
    42 | D        | Noticed an eight-headed meat hydra
    42 | D        | Mangled by a bag of meat

Skill      XL: |  1  2  3  4  5  6  7  8  9 10 11 12 13 14 15 16 17 18 19 20 |
---------------+-------------------------------------------------------------+-----
Short Blades   | 3 |  3.9
Dodging        | 13 15 18 22 25 27 | 27.0
Stealth        | 23 26 | 26.0
Spellcasting   | 14 16 20 27 | 27.0
Hexes          | 21 23 | 23.8
Axes           | 11 18 22 25 27 | 27.0
Fighting       | 17 27 | 27.0
Ice Magic      | 17 | 17.7
Armour         | 12 21 26 | 26.4

Action                   |  1- 3 |  4- 6 |  7- 9 | 10-12 | 13-15 | 16-18 | 19-21 || total
-------------------------+-------+-------+-------+-------+-------+-------+-------++-------
Melee: Broad axe         |     1 |       |       |     2 |     3 |     5 |     3 ||    14
Dodge: Dodged            |       |       |       |       |       |     1 |     1 ||     2
